 Dungeon Crawl Stone Soup version 0.30-a0-55-g90e3122c3a (webtiles) character file.

Game seed: 18408172303335355481

24 jlumianski the Ducker (level 2, -3/22 HPs)
             Began as a Demonspawn Gladiator on Sept 9, 2022.
             Succumbed to a kobold's poison
             ... on level 1 of the Dungeon.
             The game lasted 00:02:06 (867 turns).

jlumianski the Ducker (Demonspawn Gladiator)         Turns: 867, Time: 00:02:07

Health: -3/22      AC: 11    Str: 14    XL:     2   Next: 79%
Magic:  2/2        EV:  4    Int:  9    God:
Gold:   37         SH:  5    Dex: 14    Spells: 1/1 levels left

rFire   . . .      SeeInvis .    a - +0 war axe
rCold   . . .      Faith    .    (no shield)
rNeg    . . .      Spirit   .    g - +0 plate armour
rPois   .          Reflect  +    c - +0 helmet
rElec   .          Harm     .    (no cloak)
rCorr   .          Rampage  .    (no gloves)
Will    .....                    (no boots)
Stlth   ..........               l - amulet of reflection
HPRegen 0.07/turn                (no ring)
MPRegen 0.08/turn                (no ring)

@: lethally poisoned (-3 -> -25)
A: weakness stinger 1
a: no special abilities


You were on level 1 of the Dungeon.
You visited 1 branch of the dungeon, and saw 1 of its levels.

You collected 37 gold pieces.

Inventory:

Hand Weapons
 a - a +0 war axe (weapon)
Missiles
 d - 3 throwing nets
 e - a javelin
 f - 16 stones
 j - 6 boomerangs (quivered)
 k - 6 poisoned darts
Armour
 b - a +0 leather armour
 c - a +0 helmet (worn)
 g - a +0 plate armour (worn)
Jewellery
 l - an amulet of reflection (around neck)
Scrolls
 h - 2 scrolls of teleportation {unknown}
 i - a scroll of magic mapping {unknown}
 m - a scroll of acquirement {unknown}
 n - a scroll of amnesia {unknown}
 o - a scroll of noise {unknown}
Potions
 p - 2 potions of ambrosia {unknown}


   Skills:
 + Level 2.2 Fighting
 + Level 3.0 Axes
 + Level 1.8 Throwing
 + Level 3.2 Dodging


You had one spell level left.
You didn't know any spells.
Your spell library contained the following spells:

 Spells                   Type           Power      Damage    Failure   Level
 Freeze                   Ice            0%         1d3       100%        1
 Frozen Ramparts          Ice            0%         1d1       100%        3
 Gell's Gravitas          Tloc           0%         N/A       100%        3
 Teleport Other           Tloc           0%         N/A       100%        3
 Hailstorm                Conj/Ice       0%         3d3       100%        4
 Dispersal                Tloc           0%         N/A       100%        6


Dungeon Overview and Level Annotations

Branches:
Dungeon (1/15)

Altars:


Innate Abilities, Weirdness & Mutations

You have a small tail.


Message History

You kill the kobold!
The kobold completely misses you. The kobold hits you with a +0 club.
You hit the kobold.
You kill the kobold!
f - 11 stones (gained 3)
You see here a +0 club.
f - 16 stones (gained 5)
You see here a +0 short sword.
You see here a +0 club.
You see here a +0 club.
You see here a +0 mace.
Found a stone staircase leading down.
A kobold comes into view. It is wielding a +0 dagger of venom.
The kobold shouts!
A goblin comes into view. It is wielding a +0 dagger.
The goblin shouts!
The kobold hits you but does no damage.
You are poisoned.
The goblin moves out of view.
You hit the kobold but do no damage.
Your tail-slap misses the kobold.
You feel very sick. The kobold hits you but does no damage.
You block the kobold's attack.
You closely miss the kobold.
You feel sick. The kobold barely misses you.
You closely miss the kobold.
You feel sick. The kobold hits you but does no damage.
You are lethally poisoned!
You closely miss the kobold.
Your tail-slap misses the kobold.
You hit the goblin.
You kill the goblin!
You feel very sick. The kobold hits you but does no damage.
You are more poisoned.
The kobold hits you but does no damage.
You are more poisoned.
Your Axes skill increases to level 3!
You slash the kobold!
You kill the kobold!
* * * LOW HITPOINT WARNING * * *
You feel extremely sick.
You die...

#........# #####
#.######.# #....
#.# #.# #.... #.#
#.# #.... #.# .#.#
#.... #.#
..#.#####.##. #.#
...#.......##.
##.#....########...
#.@)...... #...
#.......#. #####...
#....##... #....##.
#....# ##.#....##.
#....# #.#....##.
#....# #.........
##########.#....###
.....#........#
.....###..###.#


There were no monsters in sight!

Vanquished Creatures
  4 endoplasms (D:1)
  4 goblins (D:1)
  A hobgoblin (D:1)
  7 kobolds (D:1)
  4 ball pythons (D:1)
  A frilled lizard (D:1)
  A rat (D:1)
22 creatures vanquished.

Notes
Turn   | Place    | Note
-------+----------+-------------------------------------------
     0 | D:1      | jlumianski the Demonspawn Gladiator began the quest for the
                  | Orb.
     0 | D:1      | Reached XP level 1. HP: 16/16 MP: 1/1
   251 | D:1      | Discovered your monstrous ancestry.
   251 | D:1      | Gained mutation: You have a small tail. [demonic ancestry]
   251 | D:1      | Reached XP level 2. HP: 18/22 MP: 2/2
   867 | D:1      | Succumbed to a kobold's poison

Illustrated notes

Levels and vault maps discovered:
D:1:      roderic_chinese_lattice_arrival, layout_basic

Skill      XL: |  1  2 |
---------------+-------+-----
Dodging        | 3 |  3.2
Axes           | 3 |  3.0
Fighting       | |  2.2
Throwing       | |  1.8

Action                   || total
-------------------------++-------
Melee: War axe           ||    40
       Punch             ||     1
       Tailslap          ||     1
Throw: Boomerang         ||     1
Armor: Plate armour      ||    27
       Leather armour    ||     2
Dodge: Dodged            ||    13
Block: Other             ||     2

Table legend: (Time is in decaauts)
 A = Elapsed time spent in this place.
 B = Non-inter-level travel time spent in this place.
 C = Inter-level travel time spent in this place.
 D = Time resting spent in this place.
 E = Time spent auto-exploring this place.
 F = Levels seen in this place.
 G = Mean time per level.
                   A        B        C        D        E       F      G
               +--------+--------+--------+--------+--------+-----+--------+
         Total |    881 |    881 |      0 |      0 |    606 |   1 |  881.0 |
       Dungeon |    881 |    881 |      0 |      0 |    606 |   1 |  881.0 |
               +--------+--------+--------+--------+--------+-----+--------+

Top non-repeatable levels by time:
     D:1: 881 daAuts
